 Dungeon Crawl Stone Soup version 0.24.0-123-gd5b16e6ec5 (webtiles) character file.

Game seed: 1544664871264886024, levelgen mode: deterministic

121 mortelune the Firebug (level 5, 0/28 HPs)
             Began as a Gargoyle Fire Elementalist on Jan 18, 2020.
             Killed from afar by an orc wizard (10 damage)
             ... with a magic dart
             ... while paralysed by an orc wizard
             ... on level 3 of the Dungeon.
             The game lasted 00:03:28 (2162 turns).

mortelune the Firebug (Gargoyle Fire Elementalist)  Turns: 2162, Time: 00:03:29

Health: 0/28       AC:  6    Str: 11    XL:     5   Next: 5%
Magic:  1/9        EV:  2    Int: 17    God:
Gold:   126        SH:  0    Dex: 10    Spells: 3/9 levels left

rFire    . . .     SeeInvis .   d - +0 spear
rCold    . . .     Gourm    .   (no shield)
rNeg     + . .     Faith    .   a - +0 robe
rPois    ∞         Spirit   .   (no helmet)
rElec    +         Reflect  .   (no cloak)
rCorr    .         Harm     .   (no gloves)
MR       .....                  (no boots)
Stlth    ++........             (no amulet)
HPRegen  0.09/turn              (no ring)
MPRegen  0.11/turn              (no ring)

@: paralysed, very slightly contaminated, hasted, invisible
A: negative energy resistance 1, electricity resistance, unbreathing,
petrification resistance, rot immunity, AC +4
a: no special abilities


You were on level 3 of the Dungeon.
You were hungry.

You visited 1 branch of the dungeon, and saw 3 of its levels.

You collected 126 gold pieces.

Inventory:

Hand Weapons
 d - a +0 spear (weapon)
Armour
 a - a +0 robe (worn)
Jewellery
 q - an uncursed amulet of regeneration {unknown}
Scrolls
 e - a scroll of enchant weapon {unknown}
 f - a scroll of fog {unknown}
 g - 4 scrolls of identify {unknown}
 i - a scroll of magic mapping {unknown}
 r - a scroll of random uselessness {unknown}
Potions
 b - 2 potions of invisibility
 h - 2 potions of haste
 j - 3 potions of brilliance {unknown}
 l - a potion of ambrosia {unknown}
 m - a potion of degeneration {unknown}
 n - a potion of curing {unknown}
 o - a potion of magic {unknown}
 p - a potion of agility {unknown}
Comestibles
 c - 4 rations
 k - 6 chunks of flesh


   Skills:
 - Level 1.5 Dodging
 - Level 2.1 Stealth
 + Level 2.7 Spellcasting
 * Level 3.3 Conjurations
 * Level 4.2 Fire Magic


You had 3 spell levels left.
You knew the following spells:

 Your Spells              Type           Power        Failure   Level  Hunger
a - Flame Tongue          Conj/Fire      ###..        3%          1    #......
b - Throw Flame           Conj/Fire      ###...       6%          2    ##.....
c - Conjure Flame         Conj/Fire      ###.....     12%         3    ###....

Your spell library contained the following spells:

 Spells                   Type           Power        Failure   Level  Hunger
 Inner Flame              Hex/Fire       #.......     22%         3    ###....
 Sticky Flame             Conj/Fire      ###.....     36%         4    #####..
 Fireball                 Conj/Fire      ###.......   71%         5    ######.


Dungeon Overview and Level Annotations

Branches:
Dungeon (3/15)

Altars:

Annotations:
D:2 Sigmund


Innate Abilities, Weirdness & Mutations

You are resistant to torment.
Your stone body is resilient. (AC +4)
You are immune to poison.
You resist negative energy. (rN+)
You are resistant to electric shocks. (rElec)
You can survive without breathing.
You are immune to petrification.
You are immune to rotting.


Message History

Aiming: Flame Tongue (safe; 3% risk of failure)
Press: ? - help, Shift-Dir - straight line, f/p - orc wizard
Aim: an orc wizard, wielding a +0 dagger, wearing a +0 robe and carrying a wand of paralysis (4) (lightly wounded)
The flame tongue hits the orc wizard.
The orc wizard is moderately wounded.
The orc wizard barely misses you.
It was a potion of haste.
You feel yourself speed up.
The orc wizard hits you but does no damage.
You barely miss the orc wizard.
The orc wizard is moderately wounded.
You hit the orc wizard but do no damage.
The orc wizard is moderately wounded.
The orc wizard zaps a wand.
You suddenly lose the ability to move!
You are feeling hungry.
The orc wizard gestures at you while chanting.
The puff of frost hits you.
The orc wizard zaps a wand.
You shrug off the repeated paralysis!
The orc wizard casts a spell at you. The magic dart hits you!
You die...

#......## ####........
#####...####......#....
#..............#....
#.)###.#.......#....
##)###...>.......### ..
#..##..........## # ...
##)###.........#### ...######
#o# #..........##.
........######@# #........)....
.....o......##.###....)........
##......###..#...............(.
.........................>....#
........((......#..........#...
[........######(.........).###[
.........# ##).........(## #.
.........#####)...##......####.
.........#..(......##..........


You could see an orc wizard.

Vanquished Creatures
  2 orc priests (D:3)
  2 adders (D:3)
  A worm (D:3)
  A dart slug (D:1)
  6 orcs (D:3)
  5 bats
  A giant cockroach (D:1)
  A goblin (D:3)
  3 hobgoblins
  A quokka (D:3)
  2 frilled lizards
  3 kobolds
  5 rats
33 creatures vanquished.

Notes
Turn   | Place    | Note
-------+----------+-------------------------------------------
     0 | D:1      | mortelune the Gargoyle Fire Elementalist began the quest
                  | for the Orb.
     0 | D:1      | Reached XP level 1. HP: 10/10 MP: 3/3
   395 | D:1      | Reached XP level 2. HP: 15/15 MP: 3/5
   399 | D:1      | Learned a level 2 spell: Throw Flame
   986 | D:2      | Noticed Sigmund
  1382 | D:3      | Reached XP level 3. HP: 8/19 MP: 0/6
  1561 | D:3      | Learned a level 3 spell: Conjure Flame
  1887 | D:3      | Reached XP level 4. HP: 17/24 MP: 1/7
  2026 | D:3      | Reached skill level 4 in Fire Magic
  2128 | D:3      | Reached XP level 5. HP: 28/28 MP: 2/9
  2149 | D:3      | Paralysed by an orc wizard for 7 turns
  2159 | D:3      | Paralysed by an orc wizard for 4 turns
  2162 | D:3      | Killed from afar by an orc wizard

Levels and vault maps discovered:
D:1:      onia_arrival_mini_spirals, layout_loops_ring
D:2:      layout_basic, first_ration, uniq_natasha, uniq_sigmund, uniq_robin
D:3:      layout_rooms

Skill      XL: |  1  2  3  4 |
---------------+-------------+-----
Conjurations   | 2 3 |  3.3
Fire Magic     | 4 |  4.2
Dodging        | |  1.5
Stealth        | |  2.1
Spellcasting   | |  2.7

Action                   |  1- 3 |  4- 6 || total
-------------------------+-------+-------++-------
Melee: Spear             |    17 |    11 ||    28
 Cast: Flame Tongue      |    32 |    14 ||    46
       Throw Flame       |    14 |     4 ||    18
  Use: Potion            |       |     2 ||     2
  Eat: Chunk             |     4 |     1 ||     5
Armor: Robe              |     9 |     3 ||    12
Dodge: Dodged            |    14 |    11 ||    25
